Map: Prion Terraces

Players

HOTBIGTIT - Winner!

  • Race: Zerg Zerg
  • League: Diamond

Wellmet

  • Race: Terran Terran
  • League: Diamond

VOD

Have the link to the VOD?

Description

Time

  • Played on: Nov. 13, 2015, 9:57 p.m.
  • Length: 11:47
Show
View Real Time Build Order
Export as new Build Order

HOTBIGTIT Zerg - Winner!

Build Orders: Hatch First 

Get SALT Encoding   

  12  0:07  Overlord  
  12  0:13  Drone  
  13  0:17  Drone  
  14  0:26  Drone  
  15  0:33  Drone  
  16  0:40  Drone  
  17  0:54  Hatchery  
  16  0:58  Drone  
  17  1:10  Spawning Pool  
  16  1:13  Drone  
  16  1:16  Drone  
  18  1:23  Drone  
  19  1:36  Drone  
  20  1:45  Extractor  
  20  1:46  Drone  
  20  1:50  Hatchery  
  19  1:56  Overlord  
  19  2:01  Queen  
  19  2:06  Drone  
  22  2:15  Queen  
  24  2:18  Drone  
  24  2:22  Drone  
  26  2:25  Drone  
  27  2:32  Extractor  
  27  2:34  Extractor  
  27  2:35  Spore Crawler  
  27  2:53  Queen  
  27  2:54  Drone x5  
  27  2:57  Drone  
  35  3:05  Metabolic Boost  
  35  3:10  Queen  
  37  3:15  Drone  
  37  3:16  Drone  
  37  3:18  Drone  
  40  3:21  Drone  
  41  3:28  Drone  
  41  3:29  Roach Warren  
  41  3:38  Drone  
  41  3:39  Overlord  
  41  3:40  Overlord  
  42  3:57  Drone x2  
  42  3:58  Drone x3  
  42  3:59  Overlord  
  42  4:00  Drone x2  
  42  4:01  Drone x3  
  52  4:13  Roach x3  
  53  4:32  Lair  
  53  4:33  Roach x4  
  61  4:40  Drone x4  
  61  4:41  Drone, Extractor  
  61  4:42  Drone, Extractor  
  61  4:43  Drone  
  61  4:44  Overlord x3  
  66  4:47  Extractor  
  65  5:11  Drone x10  
  75  5:22  Hatchery  
  75  5:23  Overlord  
  74  5:31  Roach  
  74  5:32  Roach x4  
  84  5:36  Glial Reconstitution  
  84  5:43  Hatchery  
  84  5:46  Overlord x2  
  83  6:01  Drone x6  
  83  6:04  Queen  
  89  6:06  Evolution Chamber x2  
  89  6:07  Drone  
  89  6:08  Drone x5  
  89  6:09  Extractor x2  
  93  6:14  Zergling x8  
  93  6:15  Zergling x2  
  98  6:26  Overlord x3  
  98  6:33  Pneumatized Carapace  
  98  6:34  Overseer  
  98  6:42  Baneling Nest  
  98  6:43  Zerg Melee Weapons Level 1  
  98  6:44  Zerg Ground Armor Level 1  
  97  6:51  Ravager x6  
  101  7:20  Spire  
  101  7:22  Drone x7  
  107  7:23  Drone x3, Overlord x2  
  107  7:24  Overlord  
  107  7:26  Centrifical Hooks  
  107  7:27  Zergling x12  
  116  7:33  Baneling  
  116  7:34  Baneling x6  
  116  7:41  Zergling x10  
  121  7:47  Infestation Pit  
  119  8:25  Hive  
  119  8:30  Drone x6, Extractor  
  119  8:31  Extractor  
  123  8:34  Corruptor x8  
  123  8:40  Zergling x2  
  123  8:41  Zergling x30  
  150  8:46  Baneling x8  
  150  8:47  Baneling  
  154  8:57  Zergling x2  
  154  8:58  Zergling x36  
  154  9:00  Overlord x2  
  141  9:24  Overlord, Corruptor x3  
  141  9:25  Corruptor  
  141  9:29  Zergling x2  
  141  9:30  Zergling x22  
  159  9:42  Ultralisk Cavern  
  140  9:54  Roach x5  
  140  9:55  Roach  
  150  10:11  Corruptor x3  
  150  10:13  Zergling x30  
  162  10:40  Zergling x14  
  162  10:41  Zergling x16  
  172  11:10  Baneling x14  
  168  11:14  Roach x11  
  190  11:34  Hatchery  
  175  11:47  Hatchery  
Show
View Real Time Build Order
Export as new Build Order

Wellmet Terran 

Build Orders: Reaper Expand, Bio Tank, MMM Bio 

Get SALT Encoding   

  12  0:01  SCV  
  13  0:13  SCV  
  14  0:19  Supply Depot  
  14  0:25  SCV  
  15  0:40  SCV  
  16  0:44  Barracks  
  16  0:46  Refinery  
  16  0:52  SCV  
  17  1:04  SCV  
  18  1:16  SCV  
  19  1:31  Reaper, Orbital Command  
  20  1:41  Command Center  
  20  1:51  Supply Depot  
  20  1:56  SCV  
  21  2:08  SCV  
  21  2:09  Barracks Reactor  
  22  2:20  SCV  
  23  2:26  Factory  
  23  2:34  SCV  
  24  2:45  Command Center  
  24  2:46  SCV  
  24  2:47  Marine  
  24  2:48  Marine  
  24  2:51  Refinery  
  27  2:58  Orbital Command  
  27  3:02  SCV  
  28  3:13  Starport  
  28  3:14  SCV  
  28  3:17  Barracks Tech Lab  
  29  3:23  Hellion  
  29  3:25  Hellion  
  29  3:26  SCV  
  34  3:30  SCV  
  35  3:36  Marine  
  35  3:38  SCV  
  37  3:41  Stimpack  
  37  3:42  SCV  
  38  3:49  Hellion  
  38  3:50  SCV  
  38  3:51  Hellion  
  43  3:56  Viking  
  43  3:58  Marine  
  43  4:00  SCV  
  47  4:03  SCV  
  47  4:08  Orbital Command  
  48  4:27  SCV x2  
  48  4:28  Marauder  
  51  4:32  Starport Reactor  
  51  4:35  SCV  
  51  4:37  Barracks  
  52  4:39  SCV  
  52  4:40  Factory Reactor  
  52  4:41  Barracks  
  52  4:42  Barracks  
  53  4:50  SCV x2, Engineering Bay  
  53  4:51  Refinery  
  55  4:53  Refinery, Engineering Bay  
  55  4:54  Marauder  
  55  4:56  SCV  
  56  5:03  Liberator  
  56  5:04  SCV x2  
  52  5:08  SCV  
  53  5:14  Supply Depot  
  53  5:15  Bunker  
  53  5:16  SCV  
  53  5:17  SCV  
  53  5:19  Liberator  
  53  5:20  SCV  
  59  5:28  Factory Tech Lab  
  59  5:29  Terran Infantry Weapons Level 1, Marine x2  
  61  5:36  SCV x2  
  61  5:37  Marine x2  
  61  5:40  Supply Depot  
  68  5:42  Barracks Reactor  
  68  5:45  Supply Depot  
  68  5:46  Marauder  
  70  5:54  Marine x2  
  70  5:56  Terran Infantry Armor Level 1  
  70  5:57  Siege Tank  
  75  5:58  SCV x2  
  75  6:01  Marine x2  
  75  6:02  Supply Depot  
  79  6:08  Marine  
  79  6:09  Supply Depot  
  80  6:11  Marine  
  80  6:12  SCV  
  80  6:14  Medivac  
  80  6:15  Marine  
  85  6:19  Marine, Medivac  
  85  6:21  Marine x2  
  85  6:23  Marine  
  91  6:25  Marine  
  91  6:26  Supply Depot  
  91  6:29  Marine  
  91  6:30  Supply Depot  
  93  6:35  Siege Tank  
  96  6:41  Orbital Command, Marine x2  
  98  6:51  Marine x3  
  98  6:52  SCV x2  
  98  6:54  Marine x2  
  104  6:59  Medivac x2  
  109  7:04  Marine x2  
  109  7:08  SCV x2, Siege Tank  
  116  7:10  Missile Turret  
  116  7:11  Missile Turret  
  116  7:12  Marine x2  
  116  7:14  Marine  
  116  7:16  SCV, Liberator  
  116  7:17  Missile Turret  
  116  7:18  Marine  
  118  7:27  Marine x2  
  120  7:32  Liberator  
  120  7:35  Refinery  
  123  7:43  Command Center  
  123  7:46  Supply Depot  
  123  7:49  Marine x3  
  123  7:50  Marine  
  130  7:51  Armory, Supply Depot  
  130  7:54  SCV x2, Marine  
  133  8:08  SCV x2, Marauder, Liberator  
  137  8:13  Siege Tank  
  137  8:16  Marine x2  
  137  8:17  Marine  
  143  8:22  Marine x2  
  143  8:23  Marine  
  148  8:32  Supply Depot  
  148  8:33  SCV x2  
  149  8:37  Liberator  
  149  8:38  Barracks  
  149  8:39  Barracks  
  149  8:40  Marine  
  149  8:43  Combat Shields  
  149  8:47  Supply Depot  
  149  8:53  Liberator  
  149  8:54  Marine x2  
  154  8:56  Marine x2  
  154  8:59  Marine x2  
  158  9:04  Marine  
  158  9:05  Terran Infantry Weapons Level 2, Terran Infantry Armor Level 2  
  159  9:12  Marine x2  
  159  9:14  Marine  
  159  9:15  Marine  
  152  9:17  Marine  
  152  9:23  Marine x2  
  120  9:27  Barracks Reactor  
  106  9:32  Siege Tank, Marine  
  106  9:33  Marine x2  
  106  9:36  Barracks Reactor  
  106  9:38  SCV x2  
  112  9:41  Barracks  
  112  9:44  Barracks  
  112  9:45  Liberator x2, Marine x2  
  98  9:47  Marine x2  
  98  9:50  Marine x2  
  98  9:51  Marine  
  85  9:55  Planetary Fortress  
  72  10:03  Marine x2  
  72  10:05  Marine x3  
  72  10:06  Marine  
  77  10:08  Marine x2  
  77  10:13  Marine  
  76  10:20  Marine x3  
  70  10:21  Marine  
  70  10:22  Marine  
  70  10:26  Marine x3  
  70  10:28  SCV x2  
  73  10:34  Marine x4  
  75  10:35  SCV  
  75  10:40  SCV  
  76  10:48  Marine  
  76  10:49  Marine x3  
  80  10:57  Marine x2  
  80  11:01  Marine x2  
  84  11:09  Marine x2  
  84  11:10  Marine x2  
  88  11:24  Marine x4  
  92  11:29  Marine x2  
  92  11:30  Command Center  
Tags
 
Add a new tag
Caveats
  • Supply blocks, unpowered buildings, or Contaminate may cause inaccurate times.
  • Supply counts are checked every 10 seconds.